[Event "Titled Tuesday Blitz March 15 Late 2022"]
[White "Sarana, Alexey"]
[Black "Tang, Andrew"]
[WhiteFideId "24133795"]
[BlackFideId "2059630"]
[WhiteElo "3012"]
[BlackElo "2914"]
[Result "1/2-1/2"]
[Round "04"]
[TimeControl "180+1"]
[Date "2022.03.15"]
[WhiteClock "0:00:10"]
[BlackClock "0:00:05"]

1. d4 d5 2. c4 e6 3. Nc3 Be7 4. cxd5 exd5 5. Bf4 c6 6. e3 Bf5 7. g4 Be6 8. h4 Nd7 9. h5 Nh6 10. Bxh6 gxh6 11. Bd3 Qb6 12. Rb1 Nf6 13. f3 c5 14. Nge2 O-O 15. Qb3 c4 16. Qxb6 axb6 17. Bf5 Bxf5 18. gxf5 b5 19. Nxb5 Rxa2 20. Nf4 Bb4+ 21. Kd1 Re8 22. Ke2 Ra5 23. Rhg1+ Kf8 24. Nc7 Re7 25. Nfe6+ fxe6 26. Nxe6+ Ke8 27. Rg2 Ra2 28. e4 dxe4 29. fxe4 Nxe4 30. Rg8+ Kd7 31. d5 Nc3+ 32. Kf3 Nxd5 33. Rd8+ Kc6 34. Nd4+ Kc5 35. Ne6+ Rxe6 36. fxe6 Ra6 37. Rd1 Ne7 38. R1d7 Rxe6 39. Rxb7 Nc6 40. Rf8 Re5 41. Kg4 Rg5+ 42. Kf3 Rxh5 43. Rxh7 Rh3+ 44. Kg2 Rb3 45. Rxh6 Rxb2+ 46. Kf3 Rd2 47. Rf5+ Rd5 48. Rff6 Ne5+ 49. Ke4 Bc3 50. Rf8 Rd4+ 51. Kf5 Rd5 52. Rc8+ Kd4 53. Rh4+ Kd3 54. Ke6 Rb5 55. Rh3+ Kc2 56. Rh5 Bd4 57. Rxc4+ Kd3 58. Rxd4+ Kxd4 59. Rh4+ Ke3 60. Rh5 Kf4 61. Rh4+ Ng4 62. Kd6 Rg5 63. Kc6 Ke4 64. Rh8 Kd4 65. Rd8+ Kc4 66. Rd1 Rg6+ 67. Kc7 Ne5 68. Rc1+ Kd5 69. Rd1+ Kc5 70. Rc1+ Nc4 71. Kd7 Kd5 72. Ke7 Re6+ 73. Kd7 Ne5+ 74. Kc7 Nd3 75. Rd1 Re3 76. Kd7 Kc5 77. Rd2 Nb4 78. Rd1 Nd5 79. Rc1+ Kd4 80. Rd1+ Ke5 81. Rh1 Rf3 82. Rh5+ Ke4 83. Rh1 Rf7+ 84. Ke6 Rf6+ 85. Kd7 Ne3 86. Rh4+ Kd5 87. Rh5+ Nf5 88. Rh1 Rf7+ 89. Ke8 Ke6 90. Re1+ Kf6 91. Kd8 Ra7 92. Rf1 Ke6 93. Re1+ Kd5 94. Rd1+ Nd4 95. Ke8 Ke5 96. Kf8 Ne6+ 97. Ke8 Ng7+ 98. Kd8 Nf5 99. Re1+ Kf6 100. Rf1 Ke6 101. Re1+ Kf7 102. Rf1 Kg6 103. Rg1+ Kf6 104. Rf1 1/2-1/2


[Site "https://www.chess.com"]

[Event "Titled Tuesday Blitz March 15 Late 2022"]
[White "Seul, Georg"]
[Black "Chyngyz, Sultai"]
[WhiteFideId "4601653"]
[BlackFideId "13803158"]
[WhiteElo "2271"]
[BlackElo "1365"]
[Result "1-0"]
[Round "04"]
[TimeControl "180+1"]
[Date "2022.03.16"]
[WhiteClock "0:01:33"]
[BlackClock "0:01:56"]

1. e4 c5 2. d3 d6 3. f4 Nc6 4. Nf3 g6 5. Be2 Bg7 6. O-O Nf6 7. Qe1 O-O 8. Qh4 Bd7 9. Kh1 Nd4 10. Bd1 Nxf3 11. Bxf3 Bc6 12. Nc3 b5 13. e5 Bxf3 14. Rxf3 dxe5 15. fxe5 Nd5 16. Ne4 c4 17. Bh6 cxd3 18. Rxd3 e6 19. Bg5 Qc7 20. Nf6+ Nxf6 21. exf6 Bh8 22. Qh6 Rfd8 23. Rh3 Bxf6 24. Bxf6 1-0


[Site "https://www.chess.com"]

[Event "Titled Tuesday Blitz March 15 Late 2022"]
[White "Sjugirov, Sanan"]
[Black "Dubov, Daniil"]
[WhiteFideId "4189302"]
[BlackFideId "24126055"]
[WhiteElo "2602"]
[BlackElo "2791"]
[Result "1/2-1/2"]
[Round "04"]
[TimeControl "180+1"]
[Date "2022.03.15"]
[WhiteClock "0:00:14"]
[BlackClock "0:00:17"]

1. d4 Nf6 2. Nf3 d5 3. Bf4 g6 4. e3 Bg7 5. Nbd2 O-O 6. h3 c5 7. c3 Nc6 8. Bh2 Nd7 9. Bb5 Qb6 10. Qa4 e5 11. O-O exd4 12. exd4 cxd4 13. cxd4 a6 14. Bxc6 bxc6 15. Rac1 c5 16. dxc5 Nxc5 17. Qa3 Ne4 18. Nb3 Be6 19. Bc7 Qa7 20. Be5 Rac8 21. Bxg7 Kxg7 22. Nbd4 Bd7 23. Qe3 Qb8 24. b3 Rfe8 25. Rxc8 Rxc8 26. Rc1 a5 27. Qe1 Qb6 28. Rxc8 Bxc8 29. Qc1 Bd7 30. Qf4 f6 31. Qc1 Qc5 32. Qxc5 Nxc5 33. Kf1 Kf7 34. Ke1 Ke7 35. Kd2 Kd6 36. Ke3 g5 37. h4 Ne4 38. g3 h6 39. a3 f5 40. hxg5 hxg5 41. b4 axb4 42. axb4 f4+ 43. gxf4 gxf4+ 44. Kxf4 Nxf2 45. Ke3 Ne4 46. Nd2 Nxd2 47. Kxd2 Be8 48. Kc3 Bd7 49. Nc2 Ke5 50. Kd2 d4 51. Nxd4 Kxd4 52. b5 Bxb5 1/2-1/2


[Site "https://www.chess.com"]

[Event "Titled Tuesday Blitz March 15 Late 2022"]
[White "Sochacki, Christophe"]
[Black "Karas, Marek"]
[WhiteFideId "662569"]
[BlackFideId "14928558"]
[WhiteElo "2480"]
[BlackElo "2271"]
[Result "1-0"]
[Round "04"]
[TimeControl "180+1"]
[Date "2022.03.16"]
[WhiteClock "0:01:30"]
[BlackClock "0:02:10"]

1. Nf3 d5 2. b3 e6 3. Bb2 c6 4. g3 f5 5. Bg2 Nf6 6. O-O Bd6 7. d3 O-O 8. Nbd2 Qe8 9. e4 Bc7 10. Qe2 Qh5 11. Rae1 Na6 12. c4 Bd7 13. cxd5 cxd5 14. exf5 exf5 15. Bxf6 Rxf6 16. Nd4 Bc6 17. Qxh5 1-0


[Site "https://www.chess.com"]

[Event "Titled Tuesday Blitz March 15 Late 2022"]
[White "Solon, Nathan"]
[Black "Lobanov, Sergei"]
[WhiteFideId "2017229"]
[BlackFideId "24183750"]
[WhiteElo "2564"]
[BlackElo "2514"]
[Result "1-0"]
[Round "04"]
[TimeControl "180+1"]
[Date "2022.03.15"]
[WhiteClock "0:00:07"]
[BlackClock "0:00:07"]

1. d4 Nf6 2. Bg5 Ne4 3. Bf4 d5 4. e3 c5 5. Bd3 Nc6 6. Bxe4 dxe4 7. Ne2 g5 8. Bxg5 Rg8 9. Bf4 cxd4 10. exd4 Rxg2 11. Bg3 Bg4 12. Nbc3 Bg7 13. Qd2 Nxd4 14. Nxd4 Qxd4 15. Qxd4 Bxd4 16. Nxe4 Bxb2 17. Rb1 Bg7 18. Ng5 h6 19. h3 Bd7 20. Nf3 Bc6 21. Ke2 Bf6 22. Rhd1 h5 23. h4 Kf8 24. Rb3 Be4 25. Rd2 Rc8 26. Kf1 Bxc2 27. Kxg2 Bxb3 28. axb3 b5 29. Rd7 Ra8 30. Rb7 a6 31. Be5 Kg7 32. Rxe7 Bxe5 33. Rxe5 Kf6 34. Rxh5 Rc8 35. Rd5 Ke6 36. Rd3 a5 37. Nd4+ Ke5 38. Nxb5 Ke4 39. Re3+ Kf4 40. Nc3 Rg8+ 41. Kf1 Rb8 42. Nd5+ Kf5 43. Ke2 f6 44. Kd2 Kg4 45. Kc3 f5 46. Rd3 Kxh4 47. Rd4+ Kh3 48. Ne3 Rc8+ 49. Kb2 Kh2 50. Nxf5 Rf8 51. Rd5 Kg2 52. Rxa5 Kf3 53. Ne3 Ke4 54. Nc4 Kd3 55. Ka3 Rxf2 56. Rd5+ Ke4 57. Rd1 Rh2 58. b4 Rh8 59. b5 Rc8 60. Nd6+ 1-0


[Site "https://www.chess.com"]

[Event "Titled Tuesday Blitz March 15 Late 2022"]
[White "Suleymanli, Aydin"]
[Black "Indjic, Aleksandar"]
[WhiteFideId "13413937"]
[BlackFideId "911925"]
[WhiteElo "2841"]
[BlackElo "2945"]
[Result "0-1"]
[Round "04"]
[TimeControl "180+1"]
[Date "2022.03.15"]
[WhiteClock "0:00:03"]
[BlackClock "0:00:16"]

1. e4 e5 2. Nf3 Nf6 3. Nc3 Nc6 4. a3 d5 5. Bb5 Nxe4 6. Qe2 Nxc3 7. Qxe5+ Qe7 8. dxc3 Bd7 9. Qxe7+ Bxe7 10. Be3 a6 11. Be2 O-O-O 12. O-O-O Bf5 13. Rhe1 Rhe8 14. Nd4 Nxd4 15. Bxd4 f6 16. Bf3 c5 17. Be3 Be4 18. Bg4+ Kc7 19. f3 Bg6 20. b4 Kc6 21. Bf2 Bf8 22. h4 h5 23. Be6 b6 24. g4 Rd6 25. Bf5 Rxe1 26. Rxe1 Bxf5 27. gxf5 Rd8 28. Re6+ Kb5 29. Kb2 a5 30. Kb3 a4+ 31. Kb2 Rd7 32. Re8 Bd6 33. Re6 Be5 34. Bg1 Kc4 35. Rxb6 Bxc3+ 36. Ka2 cxb4 37. Rc6+ Kb5 38. Rc5+ Ka6 39. Rc6+ Ka5 40. Rc5+ Ka6 41. Rc6+ Kb7 42. Rb6+ Kc7 43. axb4 d4 44. Rb5 Re7 45. Rd5 Re1 46. Rc5+ Kd7 47. Rxc3 dxc3 48. Bd4 Rc1 49. b5 Rxc2+ 50. Ka3 Rb2 51. Kxa4 Ra2+ 52. Kb3 Rb2+ 53. Kc4 Rb1 54. Bxc3 Kc7 55. Bd4 Rf1 56. Kd5 Rxf3 57. Ke6 Rf4 58. Be3 Rxh4 59. Kf7 Rg4 60. Bc5 h4 61. Bf8 h3 62. Bxg7 h2 63. Bxf6 h1=Q 0-1


[Site "https://www.chess.com"]

[Event "Titled Tuesday Blitz March 15 Late 2022"]
[White "Svane, Rasmus"]
[Black "Nihal Sarin"]
[WhiteFideId "4657101"]
[BlackFideId "25092340"]
[WhiteElo "2924"]
[BlackElo "3093"]
[Result "1/2-1/2"]
[Round "04"]
[TimeControl "180+1"]
[Date "2022.03.15"]
[WhiteClock "0:00:26"]
[BlackClock "0:00:12"]

1. Nf3 d5 2. g3 Nd7 3. d4 Nb6 4. Nc3 Bf5 5. a4 a5 6. Nh4 Bg4 7. h3 Bh5 8. Bg2 e6 9. O-O Be7 10. Nf3 Nf6 11. g4 Bg6 12. Ne5 Nfd7 13. Nxg6 hxg6 14. e4 dxe4 15. Nxe4 c6 16. Qe2 Nf6 17. c3 Nxe4 18. Qxe4 Nd5 19. Bd2 g5 20. f4 gxf4 21. Bxf4 Nxf4 22. Qxf4 O-O 23. Rae1 Bd6 24. Qe3 Qh4 25. Re2 Rae8 26. Ref2 e5 27. Qd3 exd4 28. cxd4 Re7 29. Rf5 g6 30. Rf6 Qg3 31. Qxg3 Bxg3 32. R6f3 Bd6 33. R1f2 Bb8 34. Rd2 Rd8 35. Rfd3 Bf4 36. Rd1 Re2 37. b3 Rd6 38. d5 c5 39. Bf1 Rb2 40. Rf3 Be5 41. Bc4 Bd4+ 42. Kh1 Kg7 43. Re1 Rf6 44. Rxf6 Bxf6 45. Rd1 Ra2 46. d6 Ra1 47. Rxa1 Bxa1 48. d7 Bf6 49. Kg2 Kf8 50. Kg3 Ke7 51. h4 Kxd7 52. Bxf7 g5 53. h5 Ke7 54. Bd5 Kf8 55. Bxb7 Kg7 56. Bd5 Kh6 1/2-1/2


[Site "https://www.chess.com"]

[Event "Titled Tuesday Blitz March 15 Late 2022"]
[White "Tabatabaei, M. Amin"]
[Black "Jacobson, Brandon"]
[WhiteFideId "12521213"]
[BlackFideId "30901561"]
[WhiteElo "2957"]
[BlackElo "2902"]
[Result "1-0"]
[Round "04"]
[TimeControl "180+1"]
[Date "2022.03.15"]
[WhiteClock "0:01:12"]
[BlackClock "0:00:33"]

1. d4 Nf6 2. Nf3 g6 3. Nbd2 d5 4. b3 c5 5. dxc5 Qa5 6. Bb2 Bg7 7. e3 O-O 8. c4 dxc4 9. Bxc4 Qxc5 10. O-O Nc6 11. Rc1 Qa5 12. a3 Bf5 13. b4 Qb6 14. Qb3 Rad8 15. Rfd1 a6 16. h3 Qa7 17. Ng5 e6 18. g4 Nxg4 19. hxg4 Bxg4 20. Ngf3 Bxb2 21. Qxb2 e5 22. Re1 Qb8 23. Bf1 e4 24. Nxe4 1-0


[Site "https://www.chess.com"]

[Event "Titled Tuesday Blitz March 15 Late 2022"]
[White "Taboas Rodriguez, Daniel"]
[Black "Janaszak, Dawid"]
[WhiteFideId "2208466"]
[BlackFideId "1119206"]
[WhiteElo "2429"]
[BlackElo "2199"]
[Result "1-0"]
[Round "04"]
[TimeControl "180+1"]
[Date "2022.03.16"]
[WhiteClock "0:00:09"]
[BlackClock "0:00:06"]

1. d4 Nf6 2. Nf3 g6 3. c4 Bg7 4. Nc3 O-O 5. e4 d6 6. Be2 Nbd7 7. O-O e5 8. Be3 Ng4 9. Bg5 f6 10. Bh4 h5 11. h3 Nh6 12. c5 g5 13. Bg3 f5 14. cxd6 cxd6 15. dxe5 f4 16. e6 Ne5 17. Nxe5 Bxe5 18. Bc4 Kg7 19. Bh2 g4 20. Kh1 Qh4 21. Rg1 g3 22. fxg3 fxg3 23. Rf1 gxh2 24. Rxf8 Kxf8 25. Qf3+ Kg7 26. Rf1 Bxe6 27. Bxe6 Qe7 28. Bd5 h4 29. Qh5 Rf8 30. Rf3 Rxf3 31. Qxf3 Qg5 32. Qf1 b6 33. Bb3 Qf4 34. Qxf4 Bxf4 35. Nb5 a5 36. Nc7 Kf6 37. Nd5+ Ke5 38. Nxb6 Kxe4 39. Nc4 d5 40. Nxa5 d4 41. Nc4 d3 42. a4 Nf5 43. a5 Nd6 44. Nxd6+ Bxd6 45. Bd1 Ke3 46. a6 Bc5 47. Kxh2 Kd2 48. Bh5 Kc1 49. b4 Bb6 50. g4 d2 51. g5 Kb2 52. g6 Bd4 53. g7 Be5+ 54. Kg2 d1=Q 55. Bxd1 1-0


[Site "https://www.chess.com"]

[Event "Titled Tuesday Blitz March 15 Late 2022"]
[White "Tarigan, Gilbert Elroy"]
[Black "Awoki, Daniel Teidi"]
[WhiteFideId "7108133"]
[BlackFideId "2100827"]
[WhiteElo "1908"]
[BlackElo "2023"]
[Result "1-0"]
[Round "04"]
[TimeControl "180+1"]
[Date "2022.03.16"]
[WhiteClock "0:01:32"]
[BlackClock "0:00:01"]

1. Nf3 d5 2. g3 e6 3. Bg2 Nf6 4. O-O Be7 5. d3 O-O 6. b3 c5 7. Bb2 Nc6 8. Nbd2 Re8 9. Ne5 Nxe5 10. Bxe5 Ng4 11. Bb2 Bf6 12. Bxf6 Nxf6 13. c4 Bd7 14. Qc2 b6 15. e4 dxe4 16. Nxe4 Nxe4 17. Bxe4 Rc8 18. Rad1 Bc6 19. d4 cxd4 20. Bxh7+ Kh8 21. Be4 Qf6 22. Bxc6 Rxc6 23. Qe4 Rd6 24. Rd3 Red8 25. f4 g6 26. Qe5 Kg7 27. Kg2 Rc6 28. Qe4 Rcd6 29. Rfd1 Qf5 30. Qe5+ Qxe5 31. fxe5 R6d7 32. Rf1 Rc8 33. Kf3 Rcd8 34. Ke4 Kg8 35. Rfd1 1-0


[Site "https://www.chess.com"]

[Event "Titled Tuesday Blitz March 15 Late 2022"]
[White "Torres Hernandez, Leslie Carolin"]
[Black "Pesotskiy, Mikhail"]
[WhiteFideId "8400504"]
[BlackFideId "34164453"]
[WhiteElo "1920"]
[BlackElo "2010"]
[Result "0-1"]
[Round "04"]
[TimeControl "180+1"]
[Date "2022.03.16"]
[WhiteClock "0:01:28"]
[BlackClock "0:02:13"]

1. e4 e6 2. Qe2 c5 3. Nf3 Nc6 4. b3 Nf6 5. Bb2 d5 6. d3 Be7 7. Nbd2 b6 8. O-O-O a5 9. exd5 exd5 10. a4 d4 11. Nc4 Be6 12. Ng5 Bd5 13. f3 O-O 14. Kb1 Rb8 15. Na3 Na7 16. Ne4 b5 17. axb5 Nxb5 18. Nxf6+ Bxf6 19. Nxb5 Rxb5 20. f4 Qb6 21. Kc1 a4 0-1


[Site "https://www.chess.com"]

[Event "Titled Tuesday Blitz March 15 Late 2022"]
[White "Urbina Perez, Juan Antonio"]
[Black "Mangialardo, Tiago Carvalho"]
[WhiteFideId "2217368"]
[BlackFideId "2130718"]
[WhiteElo "2192"]
[BlackElo "2083"]
[Result "1-0"]
[Round "04"]
[TimeControl "180+1"]
[Date "2022.03.16"]
[WhiteClock "0:01:28"]
[BlackClock "0:00:01"]

1. d4 Nf6 2. Nf3 c5 3. g3 g6 4. Bg2 Bg7 5. O-O O-O 6. c4 d6 7. Nc3 Nc6 8. dxc5 dxc5 9. Bf4 Qa5 10. Nb5 a6 11. Bc7 Qb4 12. a3 Qxb2 13. Rb1 Qa2 14. Qb3 Qxb3 15. Rxb3 axb5 16. cxb5 Na5 17. Rc3 Ne4 18. Rc2 Bf5 19. Nh4 Nxg3 20. Nxf5 Nxf5 21. Rxc5 Rfc8 22. b6 Be5 23. Rxe5 Nc4 24. Rc5 Nfd6 25. Rc1 Nxa3 26. e4 Ne8 27. e5 Nxc7 28. bxc7 1-0


[Site "https://www.chess.com"]

[Event "Titled Tuesday Blitz March 15 Late 2022"]
[White "Van Foreest, Jorden"]
[Black "Bilych, Olexiy"]
[WhiteFideId "1039784"]
[BlackFideId "14156504"]
[WhiteElo "2609"]
[BlackElo "2176"]
[Result "1-0"]
[Round "04"]
[TimeControl "180+1"]
[Date "2022.03.15"]
[WhiteClock "0:01:37"]
[BlackClock "0:00:24"]

1. e4 c5 2. Nf3 d6 3. Bb5+ Nd7 4. O-O Nf6 5. Re1 a6 6. Bf1 g6 7. c3 Bg7 8. d4 O-O 9. e5 Nd5 10. exd6 cxd4 11. c4 e5 12. cxd5 Qb6 13. b3 Qxd6 14. Ba3 Nc5 15. Nbd2 Qxd5 16. Rc1 b6 17. b4 Nd7 18. Bc4 Qd6 19. Ne4 Qe7 20. Bd5 Ra7 21. Qb3 Bb7 22. Bxb7 Rxb7 23. b5 Qd8 24. Bxf8 Nxf8 25. bxa6 Ra7 26. Qb5 Qd7 27. Qxd7 Nxd7 28. Rc8+ Bf8 29. Nxe5 Nxe5 30. Nf6+ Kg7 31. Ne8+ Kh6 32. Rxe5 Rxa6 33. Re2 Bb4 34. Rd8 Bc3 35. Nf6 d3 36. Ng4+ Kg5 37. Rxd3 Bg7 38. h3 1-0


[Site "https://www.chess.com"]

[Event "Titled Tuesday Blitz March 15 Late 2022"]
[White "Van den Dikkenberg, Erik"]
[Black "Plotnikov, Pavel"]
[WhiteFideId "1005880"]
[BlackFideId "4170342"]
[WhiteElo "2118"]
[BlackElo "2298"]
[Result "0-1"]
[Round "04"]
[TimeControl "180+1"]
[Date "2022.03.16"]
[WhiteClock "0:01:03"]
[BlackClock "0:01:01"]

1. e4 e6 2. d4 d5 3. e5 Ne7 4. c3 c5 5. Nf3 Nf5 6. Bd3 Nc6 7. O-O cxd4 8. Bxf5 exf5 9. cxd4 Be6 10. Bg5 Qb6 11. Nbd2 h6 12. Be3 g5 13. g3 Be7 14. Nb3 a5 15. Nc5 Bxc5 16. dxc5 Qc7 17. Nd4 O-O 18. Nxc6 bxc6 19. Bd4 Rab8 20. Qh5 Kg7 21. h4 Qe7 22. hxg5 hxg5 23. Qe2 Rh8 24. Kg2 Rb4 25. Bc3 Re4 26. Qa6 d4 27. Bxa5 Bd5 28. f3 Re3 29. Bd2 Rxf3 30. Rxf3 g4 31. Bf4 Bxf3+ 32. Kf2 Rh2+ 33. Ke1 Rh1+ 34. Kd2 Rxa1 35. Qc8 Rd1+ 36. Kc2 Qxc5+ 37. Kb3 Rd3+ 38. Ka4 Qb5# 0-1


[Site "https://www.chess.com"]

[Event "Titled Tuesday Blitz March 15 Late 2022"]
[White "Vifleemskaia, Svetlana"]
[Black "Hartikainen, Jarmo"]
[WhiteFideId "4129490"]
[BlackFideId "503134"]
[WhiteElo "1901"]
[BlackElo "2082"]
[Result "0-1"]
[Round "04"]
[TimeControl "180+1"]
[Date "2022.03.16"]
[WhiteClock "0:00:44"]
[BlackClock "0:01:21"]

1. d4 Nf6 2. c4 g6 3. Nc3 d5 4. cxd5 Nxd5 5. Bd2 Bg7 6. e4 Nb6 7. Be3 O-O 8. Bb5 a6 9. Be2 Nc6 10. Nf3 Bg4 11. d5 Bxf3 12. gxf3 Ne5 13. f4 Nec4 14. Bd4 Nxb2 15. Bxg7 Nxd1 16. Bxf8 Nxc3 17. Bh6 Nxe2 18. Kxe2 c6 19. Rhd1 cxd5 20. exd5 Rc8 21. Kf3 Nxd5 22. f5 Rc3+ 23. Kg2 e6 24. fxe6 fxe6 25. Re1 Qh4 26. Bd2 Rh3 27. Rh1 Qg4+ 28. Kf1 Nf4 29. Bxf4 Qxf4 30. Rd1 Rxh2 31. Rxh2 Qxh2 32. Rd8+ Kg7 33. Rd7+ Kf6 0-1


[Site "https://www.chess.com"]

[Event "Titled Tuesday Blitz March 15 Late 2022"]
[White "Vine, Elzbieta"]
[Black "Kadam, Om Manish"]
[WhiteFideId "1119320"]
[BlackFideId "45076294"]
[WhiteElo "1844"]
[BlackElo "1729"]
[Result "0-1"]
[Round "04"]
[TimeControl "180+1"]
[Date "2022.03.16"]
[WhiteClock "0:01:33"]
[BlackClock "0:01:51"]

1. e4 c6 2. d4 d5 3. exd5 cxd5 4. Bd3 Nc6 5. c3 Nf6 6. h3 g6 7. Nf3 Bg7 8. O-O O-O 9. Bf4 Bf5 10. Bxf5 gxf5 11. Qd3 e6 12. Nbd2 Ne4 13. Ne5 Nxe5 14. Bxe5 Bxe5 15. dxe5 Kh8 16. Nxe4 fxe4 17. Qe3 Rg8 18. f4 Qh4 19. Kh2 Rg7 20. f5 Rag8 21. Rf2 Rg3 22. Qd4 Rxh3+ 23. gxh3 Qg3+ 24. Kh1 Qxh3+ 25. Rh2 Qf3+ 0-1


[Site "https://www.chess.com"]

[Event "Titled Tuesday Blitz March 15 Late 2022"]
[White "Vokhidov, Shamsiddin"]
[Black "Zhurbinsky, David"]
[WhiteFideId "14204223"]
[BlackFideId "2072904"]
[WhiteElo "2611"]
[BlackElo "2605"]
[Result "1-0"]
[Round "04"]
[TimeControl "180+1"]
[Date "2022.03.15"]
[WhiteClock "0:00:22"]
[BlackClock "0:00:03"]

1. e4 e5 2. Nf3 Nc6 3. Bb5 a6 4. Ba4 Nf6 5. O-O Be7 6. d3 b5 7. Bb3 O-O 8. Nc3 d6 9. a3 h6 10. Re1 Na5 11. Ba2 c5 12. Nd5 Nxd5 13. Bxd5 Bb7 14. b4 Bxd5 15. exd5 Nb7 16. bxc5 Nxc5 17. d4 exd4 18. Nxd4 Bf6 19. Nc6 Qd7 20. Rb1 Na4 21. Bd2 Qf5 22. c4 Nc5 23. cxb5 axb5 24. Bb4 Nd3 25. Qc2 Qxd5 26. Red1 Nxb4 27. axb4 Qe6 28. Qd3 Ra2 29. Qxb5 Rc8 30. Rbc1 d5 31. Re1 Qf5 32. Rf1 Bg5 33. Rc5 Kh7 34. Rxd5 Qc2 35. Nd4 Qd2 36. Nf3 Qf4 37. Rf5 Qg4 38. h3 Qh5 39. Rxg5 hxg5 40. Qf5+ Qg6 41. Qxc8 Rb2 42. Qg4 f6 43. h4 Qc2 44. hxg5 Qc3 45. g6+ Kh6 46. Nh4 Qe5 47. Nf5+ Qxf5 48. Qxf5 1-0


[Site "https://www.chess.com"]

[Event "Titled Tuesday Blitz March 15 Late 2022"]
[White "Vovk, Orest"]
[Black "Hambleton, Aman"]
[WhiteFideId "14113490"]
[BlackFideId "2606577"]
[WhiteElo "2203"]
[BlackElo "2552"]
[Result "1/2-1/2"]
[Round "04"]
[TimeControl "180+1"]
[Date "2022.03.16"]
[WhiteClock "0:01:01"]
[BlackClock "0:00:08"]

1. h4 e5 2. h5 d5 3. h6 Nxh6 4. d4 exd4 5. Bxh6 gxh6 6. Qxd4 Rg8 7. Nc3 Be6 8. O-O-O Nc6 9. Qh4 d4 10. Nb5 Be7 11. Qh2 Rc8 12. Nf3 Qd5 13. Nxc7+ Rxc7 14. Qxc7 Qxa2 15. Qxb7 Qa1+ 16. Kd2 Qa5+ 17. Kc1 Qa1+ 18. Kd2 Qa5+ 19. Kc1 Qa1+ 1/2-1/2


[Site "https://www.chess.com"]

[Event "Titled Tuesday Blitz March 15 Late 2022"]
[White "Vusatiuk, Vladimir"]
[Black "Albuquerque Junior,Wellington S."]
[WhiteFideId "14118610"]
[BlackFideId "2151480"]
[WhiteElo "2157"]
[BlackElo "2042"]
[Result "0-1"]
[Round "04"]
[TimeControl "180+1"]
[Date "2022.03.16"]
[WhiteClock "0:00:05"]
[BlackClock "0:00:47"]

1. e4 c5 2. Nf3 d6 3. c3 Nf6 4. h3 Nbd7 5. Bd3 g6 6. O-O Bg7 7. Bc2 O-O 8. d4 e5 9. dxe5 dxe5 10. c4 Re8 11. Nc3 h6 12. Nd5 Nb6 13. b3 Be6 14. Be3 Nfd7 15. Qd2 Kh7 16. Rad1 Rc8 17. Qa5 a6 18. Bd2 Bxd5 19. cxd5 c4 20. b4 c3 21. Bc1 Nc4 22. Qxd8 Rexd8 23. Ne1 Nd6 24. f3 b5 25. Nd3 f6 26. Kh2 g5 27. g3 Rc4 28. a3 Rdc8 29. Rde1 Kg8 30. f4 Rxe4 31. Rxe4 Nxe4 32. Nxe5 fxe5 33. Bxe4 Rf8 34. Rf3 exf4 35. gxf4 gxf4 36. Bxf4 Rxf4 37. Rxf4 Be5 38. Kg3 Nf6 39. Bc2 Kf8 40. Kf3 Bxf4 41. Kxf4 Nxd5+ 42. Ke5 Ne3 43. Bg6 c2 44. Bxc2 Nxc2 45. Kd5 Nxa3 46. Kc5 Nc2 47. h4 h5 48. Kb6 Nxb4 49. Ka5 Nc6+ 50. Kxa6 b4 51. Kb5 b3 52. Kc4 b2 0-1


[Site "https://www.chess.com"]

[Event "Titled Tuesday Blitz March 15 Late 2022"]
[White "Weber, Samuel"]
[Black "Ambartsumova, Karina"]
[WhiteFideId "12924008"]
[BlackFideId "4166299"]
[WhiteElo "2215"]
[BlackElo "2262"]
[Result "1-0"]
[Round "04"]
[TimeControl "180+1"]
[Date "2022.03.16"]
[WhiteClock "0:00:05"]
[BlackClock "0:00:03"]

1. c4 e6 2. g3 Nf6 3. Bg2 d5 4. Nf3 dxc4 5. O-O c6 6. a4 a5 7. Na3 Be7 8. Nxc4 O-O 9. d3 b5 10. axb5 cxb5 11. Nfe5 Ra6 12. Na3 b4 13. Nac4 Bc5 14. e3 Qe7 15. d4 Ba7 16. Rxa5 Nd5 17. Bd2 f6 18. Nd3 Rxa5 19. Nxa5 Ba6 20. Qb3 Qc7 21. Bxd5 exd5 22. Bxb4 Rd8 23. Rc1 Qd7 24. Nc5 Bxc5 25. Rxc5 Qh3 26. Qd1 Nd7 27. Rxd5 Rb8 28. Bc3 Nb6 29. Rh5 Qe6 30. d5 Qf7 31. d6 Nd7 32. Nc6 Ra8 33. Ne7+ Kh8 34. Ra5 Bb7 35. Rxa8+ Bxa8 36. Qa1 Nb6 37. Qa7 Qb3 38. Qb8+ 1-0


[Site "https://www.chess.com"]

[Event "Titled Tuesday Blitz March 15 Late 2022"]
[White "Xiong, Jeffery"]
[Black "Tari, Aryan"]
[WhiteFideId "2047640"]
[BlackFideId "1510045"]
[WhiteElo "2984"]
[BlackElo "2904"]
[Result "0-1"]
[Round "04"]
[TimeControl "180+1"]
[Date "2022.03.15"]
[WhiteClock "0:00:08"]
[BlackClock "0:00:26"]

1. d4 d5 2. c4 e6 3. Nf3 Nf6 4. Nc3 h6 5. g3 Bd6 6. Bg2 O-O 7. O-O Nc6 8. b3 dxc4 9. bxc4 e5 10. e3 Re8 11. h3 exd4 12. exd4 Bf5 13. c5 Bf8 14. Bf4 Nb4 15. Qb3 a5 16. Ne5 Be6 17. Qd1 Nbd5 18. Ne2 b6 19. Rc1 a4 20. Re1 a3 21. Kh2 Nb4 22. Nc3 Nxa2 23. Nxa2 Bxa2 24. Bxa8 Qxa8 25. Ra1 Bd5 26. Nd3 Rxe1 27. Qxe1 bxc5 28. dxc5 Ne4 29. Qc1 Qa6 30. Rxa3 Qf6 31. Qe3 g5 32. Bxc7 Nd2 33. Qe8 Qf3 0-1


[Site "https://www.chess.com"]

[Event "Titled Tuesday Blitz March 15 Late 2022"]
[White "Yedidia, Daniel"]
[Black "Lewtak, Damian"]
[WhiteFideId "30905907"]
[BlackFideId "1141724"]
[WhiteElo "2501"]
[BlackElo "2362"]
[Result "1-0"]
[Round "04"]
[TimeControl "180+1"]
[Date "2022.03.16"]
[WhiteClock "0:00:17"]
[BlackClock "0:00:15"]

1. d4 d5 2. c4 c6 3. Nf3 Nf6 4. Nc3 e6 5. e3 Nbd7 6. Bd3 Bb4 7. O-O O-O 8. Qb3 a5 9. c5 e5 10. Be2 Re8 11. Re1 Ne4 12. Nxe4 dxe4 13. Nd2 exd4 14. exd4 Nf6 15. Bc4 Be6 16. a3 Bxd2 17. Bxd2 Qxd4 18. Bxe6 Rxe6 19. Qxb7 Rae8 20. Be3 Qe5 21. h3 Nd5 22. Rad1 Rg6 23. b4 axb4 24. axb4 Nc3 25. Rd7 Qh5 26. Rd6 Rxd6 27. cxd6 Qd5 28. Qd7 Rf8 29. Qe7 Qe6 30. Qxe6 fxe6 31. Bg5 h6 32. Be7 1-0


[Site "https://www.chess.com"]

[Event "Titled Tuesday Blitz March 15 Late 2022"]
[White "Zaksaite, Salomeja"]
[Black "Hess, Max"]
[WhiteFideId "12801496"]
[BlackFideId "24656666"]
[WhiteElo "1953"]
[BlackElo "2276"]
[Result "0-1"]
[Round "04"]
[TimeControl "180+1"]
[Date "2022.03.16"]
[WhiteClock "0:00:02"]
[BlackClock "0:01:47"]

1. e4 c6 2. Nc3 d5 3. Nf3 dxe4 4. Nxe4 Nf6 5. Nxf6+ exf6 6. d4 Bd6 7. Bd3 O-O 8. Be3 Re8 9. Qd2 Nd7 10. O-O-O Nf8 11. c4 Be6 12. h3 Rc8 13. Kb1 b5 14. cxb5 cxb5 15. Bxb5 Bd5 16. Bxe8 Qxe8 17. Rhe1 Qa4 18. b3 Rb8 19. Bf4 Bxb3 20. Bxd6 Bxa2+ 21. Ka1 Bd5+ 0-1


[Site "https://www.chess.com"]